AoeStats
← [H A R D] FEELINGS

African Clearing

504481980Analyzed
4v4 RM · 28d ago on Sep 5, 2026· 46m 57s· 8 players
Game mode
Random Map
Map size
Large (8 player)
Population
200
Speed
Normal
Resources
Standard
Victory
Conquest
Starting age
Dark Age
Ending age
Imperial Age
RankedLock teamsTeams togetherTeam positionsShared explorationLock speedFull tech treeHidden civsTurbo modeCheats
Victory
Defeat
🇬🇧 Poles · United Kingdom
1245
+12
🇿🇦 Maya · South Africa
1189
+14
🇿🇦 Spanish · South Africa
1166
+15
🇿🇦 Japanese · South Africa
1163
+15
🇨🇭 Romans · Switzerland
1175
-15
🇨🇭 Cumans · Switzerland
1166
-14
🇨🇳 Malians · China
1135
-14
🇹🇷 Saracens · Türkiye
1128
-13
[H A R D] wiealtesBROT
4:54 Loom
14:02 Feudal Age
20:03 Castle Age
18:12 Scale Mail Armor
18:23 Forging
19:10 Forging
20:39 Double-Bit Axe
20:36 Horse Collar
21:45 Pikeman
36:46 Bow Saw
41:00 Squires
45:32 Wheelbarrow
[H A R D] FEELINGS
7:44 Loom
11:37 Loom
13:57 Feudal Age
15:17 Double-Bit Axe
15:12 Horse Collar
19:32 Wheelbarrow
22:27 Gold Mining
22:32 Stone Mining
25:08 Castle Age
23:48 Fletching
23:59 Padded Archer Armor
25:46 Padded Archer Armor
25:11 Elite Skirmisher
26:20 Thumb Ring
25:37 Elite Skirmisher
26:49 Bodkin Arrow
27:09 Leather Archer Armor
30:14 Hand Cart
31:46 Leather Archer Armor
36:22 Imperial Age
36:02 Scale Barding Armor
36:08 Forging
36:09 Light Cavalry
36:59 Bloodlines
40:08 Ring Archer Armor
42:36 Chain Barding Armor
Thanos
3:44 Loom
16:12 Feudal Age
21:45 Castle Age
24:32 Horse Collar
28:07 Bloodlines
27:58 Husbandry
31:13 Scale Barding Armor
31:25 Forging
33:03 Fletching
39:12 Imperial Age
阿南
6:00 Loom
19:27 Feudal Age
21:35 Town Watch
39:50 Horse Collar
42:23 Wheelbarrow
44:17 Double-Bit Axe
ScipioAfricanus
14:20 Feudal Age
17:17 Forging
21:06 Castle Age
20:29 Gold Mining
21:57 Scale Barding Armor
29:37 Husbandry
35:13 Chain Barding Armor
40:41 Horse Collar
45:15 Imperial Age
43:46 Heavy Plow
45:57 Bloodlines
45:26 Cavalier
45:31 Light Cavalry
47:43 Iron Casting
47:47 Crop Rotation
Attila
3:51 Loom
13:40 Feudal Age
15:13 Town Watch
15:19 Double-Bit Axe
18:32 Castle Age
16:24 Fletching
16:36 Gold Mining
17:18 Padded Archer Armor
19:10 Bodkin Arrow
20:15 Wheelbarrow
31:46 Ballistics
33:51 Padded Archer Armor
35:16 Leather Archer Armor
38:07 Imperial Age
37:58 Hand Cart
38:15 Bloodlines
38:06 Husbandry
38:47 Gold Shaft Mining
38:03 Stone Mining
38:29 Thumb Ring
38:51 Bracer
39:59 Chemistry
39:53 Conscription
40:29 Town Patrol
40:23 Guard Tower
40:54 Arrowslits
40:54 Treadmill Crane
42:07 Parthian Tactics
45:05 Keep
44:27 Murder Holes
44:42 Masonry
44:54 Yasama
45:12 Heavy Cavalry Archer
47:53 Kataparuto
Koekie
3:34 Loom
12:01 Feudal Age
14:32 Double-Bit Axe
17:20 Castle Age
17:59 Town Watch
21:59 Bow Saw
30:59 Horse Collar
31:55 Squires
31:57 Scale Mail Armor
32:07 Forging
32:45 Gold Mining
33:14 Forging
33:28 Eagle Warrior
34:26 Arson
36:27 Chain Mail Armor
39:32 Wheelbarrow
40:49 Iron Casting
41:19 Masonry
46:47 Imperial Age
45:10 Heavy Plow
45:45 Pikeman
SillySamurai
10:45 Loom
13:43 Feudal Age
18:59 Castle Age
24:15 Double-Bit Axe
25:54 Bow Saw
33:45 Wheelbarrow
32:56 Town Watch
37:33 Hand Cart
37:19 Town Patrol
38:28 Gold Mining
38:24 Horse Collar
42:08 Imperial Age
39:58 Scale Barding Armor
40:04 Forging
41:35 Bloodlines
41:26 Husbandry
41:49 Chain Barding Armor
43:02 Ballistics
43:09 Ballistics
43:16 Conscription
42:19 Cavalier
44:49 Supremacy
45:13 Plate Barding Armor
44:02 Paladin
45:02 Masonry
46:01 Chemistry
46:38 Iron Casting
46:13 Paladin
Connection lost

Rejoining the realm…

Still unreachable

The connection could not be restored.

Session expired

The server has moved on; the page needs a fresh start.